AoeStats
← 鄙人張麻子

Arena

505651320Analyzed
4v4 RM · 23d ago on Sep 10, 2026· 45m 3s· 8 players
Game mode
Random Map
Map size
Large (8 player)
Population
200
Speed
Normal
Resources
Standard
Victory
Conquest
Starting age
Dark Age
Ending age
Imperial Age
RankedLock teamsTeams togetherTeam positionsShared explorationLock speedFull tech treeHidden civsTurbo modeCheats
Victory
Defeat
🇨🇳 Teutons · China
1195
+13
🇨🇳 Mongols · China
1175
+14
🇨🇳 Berbers · China
1156
+14
1146
+15
🇹🇼 Lithuanians · Taiwan
1215
-18
🇹🇼 Sicilians · Taiwan
1169
-16
🇹🇼 Celts · Taiwan
1110
-13
🇹🇼 Turks · Taiwan
1003
-9
T - T
9:58 Feudal Age
10:03 Feudal Age
11:04 Loom
14:17 Castle Age
15:21 Fletching
23:01 Double-Bit Axe
29:54 Bloodlines
35:30 Thumb Ring
36:18 Horse Collar
44:01 Bodkin Arrow
44:06 Padded Archer Armor
獒犬背刺 无名英雄
10:00 Feudal Age
11:13 Double-Bit Axe
11:10 Horse Collar
21:45 Castle Age
20:23 Wheelbarrow
19:58 Gold Mining
20:08 Stone Mining
21:34 Forging
21:30 Scale Barding Armor
21:42 Bloodlines
23:25 Bow Saw
23:18 Heavy Plow
23:53 Chain Barding Armor
27:25 Iron Casting
30:32 Imperial Age
28:16 Steppe Husbandry
29:31 Hand Cart
32:48 Blast Furnace
32:59 Plate Barding Armor
32:16 Loom
33:43 Conscription
34:57 Elite Steppe Lancer
𝓛𝓾𝓸
6:08 Loom
8:38 Feudal Age
16:13 Horse Collar
18:15 Gold Mining
19:15 Wheelbarrow
23:29 Castle Age
21:39 Double-Bit Axe
28:26 Imperial Age
26:26 Stone Mining
27:02 Scale Mail Armor
30:09 Chain Mail Armor
33:46 Plate Mail Armor
33:34 Forging
35:26 Conscription
35:23 Pikeman
35:49 Gambesons
36:04 Squires
35:50 Arson
36:42 Iron Casting
41:30 Bow Saw
41:22 Heavy Plow
Parachutes
11:35 Feudal Age
13:17 Double-Bit Axe
15:57 Castle Age
14:23 Horse Collar
17:01 Bow Saw
16:52 Heavy Plow
22:06 Wheelbarrow
23:54 Hand Cart
23:44 Stone Mining
25:11 Stone Shaft Mining
24:26 Gold Mining
24:45 Loom
24:48 Town Watch
25:06 Gold Mining
30:01 Imperial Age
27:53 Padded Archer Armor
27:46 Fletching
28:33 Ballistics
28:24 Masonry
28:16 Husbandry
28:26 Bloodlines
29:08 Town Patrol
29:11 Bodkin Arrow
31:10 Parthian Tactics
30:51 Thumb Ring
31:51 Chemistry
31:21 Conscription
31:08 Bracer
32:43 Leather Archer Armor
32:37 Siege Engineers
31:58 Elite Mangudai
35:06 Scale Barding Armor
37:56 Siege Engineers
38:01 Fortified Wall
40:31 Light Cavalry
41:37 Hussar
43:54 Chain Barding Armor
43:44 Forging
46:14 Iron Casting
東塔取蜜
13:00 Feudal Age
13:57 Double-Bit Axe
14:05 Gold Mining
16:54 Castle Age
21:39 Imperial Age
24:56 Padded Archer Armor
30:10 Scale Mail Armor
37:32 Loom
38:23 Wheelbarrow
38:58 Parthian Tactics
38:52 Stone Mining
39:15 Bow Saw
38:46 Horse Collar
40:13 Scale Barding Armor
40:18 Forging
40:00 Fletching
40:54 Hand Cart
40:47 Husbandry
40:58 Bloodlines
40:59 Thumb Ring
41:26 Fortified Wall
40:58 Treadmill Crane
42:42 Conscription
43:02 Chain Barding Armor
43:18 Iron Casting
43:00 Heavy Plow
43:07 Bodkin Arrow
42:49 Heavy Camel Rider
44:13 Caravan
鄙人張麻子
10:58 Feudal Age
14:37 Castle Age
12:40 Horse Collar
12:47 Double-Bit Axe
15:28 Heavy Plow
15:39 Bow Saw
19:16 Fervor
22:27 Wheelbarrow
24:00 Hand Cart
25:06 Gold Mining
26:12 Stone Mining
26:30 Scale Barding Armor
29:14 Imperial Age
27:19 Forging
27:54 Stone Shaft Mining
27:09 Loom
27:09 Town Watch
28:33 Chain Barding Armor
28:49 Iron Casting
28:27 Bloodlines
30:30 Plate Barding Armor
31:21 Chemistry
31:21 Conscription
31:00 Elite Leitis
31:51 Fletching
32:27 Ballistics
31:52 Treadmill Crane
32:08 Murder Holes
33:05 Crop Rotation
33:11 Conscription
33:27 Bodkin Arrow
33:43 Tower Shields
33:05 Crossbowman
33:06 Elite Skirmisher
35:34 Masonry
35:38 Caravan
36:12 Thumb Ring
36:19 Tower Shields
35:50 Light Cavalry
36:30 Husbandry
35:52 Light Cavalry
37:32 Bracer
38:19 Padded Archer Armor
41:55 Winged Hussar
44:29 Hoardings
世紀垃圾
10:33 Feudal Age
11:24 Loom
15:27 Castle Age
18:11 Double-Bit Axe
18:20 Horse Collar
27:12 Gold Mining
28:25 Heavy Plow
30:34 Bow Saw
37:00 Imperial Age
35:20 Wheelbarrow
36:39 Hand Cart
36:47 Ballistics
37:07 Murder Holes
37:26 Fortified Wall
37:08 Heavy Scorpion
41:00 Fletching
44:28 Chemistry
小蝦米跟大鯨魚
10:44 Feudal Age
10:22 Loom
14:10 Fletching
18:13 Double-Bit Axe
20:27 Arson
25:37 Castle Age
24:17 Scale Mail Armor
26:07 Pikeman
34:32 Wheelbarrow
36:02 Squires
36:22 Forging
36:28 Chain Mail Armor
39:34 Imperial Age
38:33 Stone Mining
38:35 Gold Mining
39:23 Iron Casting
39:57 Halberdier
41:00 Conscription
42:22 Blast Furnace
41:52 Plate Mail Armor
Connection lost

Rejoining the realm…

Still unreachable

The connection could not be restored.

Session expired

The server has moved on; the page needs a fresh start.